Map: Ruins of Endion

Players

Tang

  • Race: Zerg Zerg

Miszu - Winner!

  • Race: Protoss Protoss
  • League: Master

VOD

Have the link to the VOD?

Description

Time

  • Played on: April 3, 2016, 11:47 a.m.
  • Length: 13:16
Show
View Real Time Build Order
Export as new Build Order

Tang Zerg 

Build Orders: Hatch First 

Get SALT Encoding   

  12  0:01  Drone  
  13  0:12  Overlord  
  13  0:17  Drone  
  14  0:31  Drone x2  
  14  0:34  Drone  
  17  0:54  Hatchery  
  17  0:56  Drone  
  17  1:02  Drone  
  18  1:07  Drone  
  18  1:08  Extractor  
  18  1:19  Spawning Pool  
  18  1:20  Drone  
  18  1:29  Drone  
  19  1:42  Drone  
  20  1:49  Overlord  
  20  2:07  Zergling x4  
  22  2:11  Queen  
  22  2:12  Queen  
  22  2:13  Metabolic Boost, Drone  
  27  2:20  Drone  
  28  2:23  Drone  
  28  2:28  Drone  
  30  2:32  Drone  
  31  2:39  Drone  
  32  2:44  Overlord  
  32  2:47  Queen x2  
  36  3:02  Hatchery  
  36  3:03  Overlord  
  35  3:08  Zergling x4  
  35  3:09  Zergling x2  
  38  3:22  Zergling x2  
  38  3:23  Zergling x12  
  38  3:25  Zergling x2  
  46  3:32  Overlord  
  46  3:33  Drone  
  47  3:39  Drone  
  48  3:42  Overlord  
  48  3:46  Drone  
  48  3:53  Drone  
  48  3:57  Drone x3  
  48  3:59  Drone  
  48  4:00  Drone x2  
  48  4:02  Extractor  
  53  4:07  Overlord  
  53  4:08  Drone  
  54  4:10  Roach Warren  
  54  4:17  Drone x2  
  53  4:25  Overlord  
  53  4:34  Spore Crawler  
  52  4:40  Spore Crawler  
  50  4:46  Spore Crawler  
  50  4:49  Drone  
  50  4:50  Drone x5  
  50  4:51  Roach x2  
  50  4:52  Roach x2  
  63  4:53  Roach  
  58  5:16  Roach x6  
  61  5:22  Drone x5  
  61  5:23  Spore Crawler  
  61  5:24  Spore Crawler  
  61  5:26  Spore Crawler  
  57  5:30  Drone x2  
  57  5:33  Drone  
  60  5:41  Drone x3  
  62  5:51  Drone x4  
  62  5:55  Drone  
  67  5:58  Drone x2  
  67  6:03  Drone x2  
  71  6:09  Evolution Chamber  
  70  6:11  Drone  
  70  6:12  Drone, Evolution Chamber  
  70  6:15  Drone  
  70  6:17  Drone  
  73  6:21  Drone x2  
  73  6:23  Drone  
  76  6:27  Drone x3  
  76  6:30  Drone  
  76  6:31  Extractor, Drone  
  80  6:37  Zerg Missile Weapons Level 1  
  80  6:39  Zerg Ground Armor Level 1  
  80  6:41  Drone  
  80  6:43  Drone  
  81  6:47  Queen  
  81  6:52  Drone x3  
  85  6:58  Drone x2  
  85  6:59  Drone  
  85  7:00  Drone x3  
  90  7:04  Overlord x2, Extractor  
  90  7:05  Extractor  
  90  7:08  Spore Crawler  
  85  7:09  Drone x2  
  85  7:10  Drone  
  85  7:14  Extractor  
  87  7:19  Drone x3  
  90  7:30  Drone x5  
  90  7:31  Drone x2  
  90  7:33  Lair  
  97  7:50  Spore Crawler  
  95  7:56  Overlord  
  95  7:57  Overlord x3  
  92  7:59  Overlord x3  
  92  8:00  Overlord  
  90  8:08  Queen  
  90  8:17  Drone x2  
  90  8:18  Drone  
  93  8:22  Drone x2  
  95  8:30  Overlord  
  95  8:31  Overlord  
  95  8:35  Hydralisk Den, Drone x3  
  94  8:42  Drone  
  94  8:46  Overlord x3  
  94  8:48  Zerg Ground Armor Level 2, Zerg Missile Weapons Level 2  
  94  8:50  Glial Reconstitution  
  94  8:54  Overlord x3  
  94  9:06  Hydralisk  
  94  9:07  Hydralisk x14  
  124  9:15  Hydralisk, Muscular Augments  
  124  9:16  Hydralisk  
  126  9:18  Hydralisk  
  126  9:21  Hydralisk  
  132  9:24  Hydralisk  
  134  9:32  Hydralisk x2  
  134  9:33  Hydralisk x2  
  134  9:38  Hydralisk x2  
  140  9:42  Hydralisk  
  145  9:47  Roach x3  
  145  9:49  Ravager x4  
  155  9:54  Roach x2  
  155  9:55  Roach  
  155  9:58  Ravager  
  162  10:01  Overlord x2  
  162  10:09  Overlord x2  
  162  10:21  Hydralisk  
  162  10:22  Hydralisk x6  
  162  10:26  Hydralisk  
  162  10:27  Hydralisk  
  125  10:48  Hydralisk x7  
  120  10:50  Hydralisk  
  120  10:54  Hydralisk  
  120  10:56  Hydralisk  
  118  10:58  Hydralisk  
  118  11:00  Zergling x6  
  118  11:01  Zergling x2  
  124  11:08  Hydralisk  
  126  11:12  Hydralisk x3  
  126  11:20  Hydralisk x3  
  126  11:22  Zergling x8  
  129  11:28  Hydralisk  
  128  11:37  Hydralisk x2  
  128  11:38  Zergling x2  
  124  11:45  Hydralisk x2  
  124  11:46  Zergling x4  
  124  11:55  Hydralisk x2  
  124  11:56  Zergling x2  
  124  11:57  Hydralisk  
  124  11:58  Hydralisk x4  
  124  11:59  Zergling x2  
  116  12:10  Hydralisk  
  116  12:11  Hydralisk x3, Zergling x2  
  116  12:13  Hydralisk  
  118  12:19  Hydralisk x2  
  121  12:24  Hydralisk  
  121  12:25  Zergling x2  
  122  12:31  Hydralisk  
  122  12:32  Zergling x6  
  122  12:36  Zergling x4  
  101  12:58  Zergling x2  
Show
View Real Time Build Order
Export as new Build Order

Miszu Protoss - Winner!

Build Orders: 1 Gate Expand 

Get SALT Encoding   

  12  0:02  Probe (Chrono Boost)  
  13  0:12  Probe (Chrono Boost)  
  14  0:20  Pylon  
  14  0:23  Probe (Chrono Boost)  
  15  0:38  Probe (Chrono Boost)  
  16  0:42  Gateway  
  16  0:48  Probe (Chrono Boost)  
  17  0:59  Probe (Chrono Boost)  
  18  1:10  Probe (Chrono Boost)  
  19  1:15  Nexus  
  19  1:24  Assimilator  
  19  1:26  Probe (Chrono Boost)  
  20  1:33  Cybernetics Core  
  20  1:37  Probe (Chrono Boost)  
  21  1:45  Assimilator  
  21  1:50  Pylon, Probe (Chrono Boost)  
  22  2:04  Probe (Chrono Boost)  
  23  2:09  Adept (Chrono Boost)  
  25  2:15  Probe  
  25  2:21  Warp Gate (Chrono Boost)  
  26  2:27  Probe x2  
  26  2:29  Adept (Chrono Boost)  
  30  2:40  Mothership Core, Probe  
  33  2:52  Probe  
  33  2:54  Gateway  
  33  2:57  Gateway  
  34  3:14  Probe  
  34  3:15  Probe  
  34  3:18  Pylon  
  36  3:24  Adept  
  36  3:26  Probe  
  37  3:27  Probe  
  37  3:29  Pylon  
  40  3:38  Probe  
  40  3:39  Probe  
  42  3:42  Stargate  
  42  3:44  Stargate  
  42  3:51  Probe  
  42  3:53  Probe  
  44  4:03  Probe  
  44  4:05  Probe  
  44  4:09  Assimilator x2  
  46  4:10  Adept x2  
  46  4:11  Adept  
  46  4:15  Probe  
  53  4:24  Probe  
  53  4:27  Probe  
  53  4:30  Pylon  
  55  4:36  Probe  
  55  4:37  Adept x3, Pylon  
  62  4:48  Probe  
  65  4:58  Pylon  
  67  5:03  Adept x3  
  62  5:38  Phoenix (Chrono Boost)  
  62  5:39  Pylon  
  62  5:43  Phoenix (Chrono Boost)  
  62  5:44  Probe  
  62  5:45  Probe  
  64  5:51  Nexus  
  64  5:58  Probe x2  
  64  6:03  Phoenix (Chrono Boost)  
  68  6:05  Phoenix (Chrono Boost)  
  68  6:10  Probe  
  71  6:18  Probe  
  72  6:22  Probe  
  72  6:25  Phoenix (Chrono Boost)  
  75  6:26  Phoenix (Chrono Boost)  
  75  6:30  Probe  
  78  6:34  Probe  
  78  6:38  Pylon  
  79  6:40  Robotics Facility x2  
  79  6:42  Probe  
  79  6:46  Probe  
  81  6:54  Probe  
  82  7:07  Phoenix (Chrono Boost), Probe  
  82  7:08  Probe x2, Phoenix (Chrono Boost)  
  89  7:17  Probe  
  89  7:20  Probe x2  
  89  7:21  Forge  
  92  7:23  Twilight Council  
  92  7:28  Immortal, Probe  
  97  7:31  Observer  
  97  7:32  Probe x2  
  100  7:38  Probe  
  100  7:43  Pylon  
  101  7:44  Probe  
  101  7:45  Assimilator, Probe  
  101  7:47  Assimilator  
  101  7:49  Probe  
  104  7:56  Probe  
  104  7:57  Probe  
  106  7:59  Probe  
  107  8:08  Immortal x2  
  107  8:09  Probe x2  
  117  8:18  Charge, Protoss Ground Weapons Level 1  
  117  8:21  Gateway  
  117  8:24  Gateway  
  117  8:26  Gateway  
  117  8:28  Pylon  
  117  8:30  Pylon  
  117  8:40  Probe  
  117  8:42  Probe  
  117  8:46  Probe  
  117  8:47  Immortal  
  117  8:48  Immortal  
  126  8:51  Probe  
  126  8:52  Templar Archives  
  126  8:54  Probe  
  128  8:59  Probe  
  129  9:07  Gateway  
  129  9:09  Gateway  
  129  9:11  Gateway  
  129  9:26  Warp Prism  
  131  9:43  Zealot  
  133  9:48  Pylon  
  133  9:49  Psionic Storm, Pylon  
  133  9:51  Pylon x2  
  133  9:52  Pylon  
  133  9:54  Pylon x2  
  133  10:06  Immortal x2  
  141  10:10  High Templar  
  141  10:11  High Templar x2  
  141  10:12  High Templar  
  141  10:13  High Templar  
  141  10:14  High Templar, Zealot x2  
  153  10:15  Zealot  
  157  10:21  Archon  
  157  10:23  Archon  
  157  10:24  Archon  
  153  10:36  Zealot x3  
  131  10:44  Zealot  
  131  10:45  Immortal  
  131  10:54  Immortal  
  131  10:55  High Templar x3  
  131  10:56  High Templar x4, Zealot  
  151  11:06  Zealot  
  151  11:09  Archon  
  151  11:13  Nexus  
  151  11:14  Pylon  
  145  11:22  Zealot  
  145  11:24  Immortal  
  149  11:29  Gateway  
  149  11:30  Zealot x8  
  149  11:31  Gateway  
  165  11:35  Gateway  
  165  11:36  Gateway  
  161  11:45  Zealot  
  159  11:48  Immortal  
  159  11:53  Zealot x2  
  159  11:54  Zealot  
  163  11:55  Zealot x4  
  163  11:56  Zealot  
  169  12:04  Immortal  
  158  12:12  Zealot  
  158  12:16  Zealot x8  
  152  12:52  Archon  
  152  12:53  Archon  
  152  12:55  Zealot x6  
  152  12:56  Zealot x3  
  154  13:15  Zealot x3  
Tags
 
Add a new tag
Caveats
  • Supply blocks, unpowered buildings, or Contaminate may cause inaccurate times.
  • Supply counts are checked every 10 seconds.